 Dungeon Crawl Stone Soup version 0.20.1-1-g8b1a95d (webtiles) character file.

16 Glalom the Scratcher (level 2, -11/12 HPs)
             Began as a Felid Transmuter on Nov 3, 2017.
             Mangled by a gnoll
             ... wielding a +0 whip
              (12 damage)
             ... on level 1 of the Dungeon.
             The game lasted 00:02:56 (599 turns).

Glalom the Scratcher (Felid Transmuter)              Turns: 599, Time: 00:02:56

Health: -11/12     AC:  1    Str:  6    XL:     2   Next: 37%
Magic:  5/6        EV: 18    Int: 14    God:
Gold:   12         SH:  0    Dex: 16    Spells: 2/5 levels left
                                        Lives:  0   Deaths: 0

rFire    . . .     SeeInvis +     - Unarmed
rCold    . . .     Gourm    .   (shield unavailable)
rNeg     . . .     Faith    .   (armour unavailable)
rPois    .         Spirit   .   (helmet unavailable)
rElec    .         Reflect  .   (cloak unavailable)
rCorr    .         Harm     .   (gloves unavailable)
MR       .....                  (boots unavailable)
Stlth    ++........             (no amulet)
Regen    0.1/turn               (no ring)
MPRegen  0.1/turn               (no ring)

@: appendage, quick
A: no armour, no weapons or thrown items, stealth, claws 1, fangs 3, horns 2,
see invisible, carnivore 3, speed 1, shaggy fur 1, slow metabolism 1, sharp paws
a: End Transformation


You were on level 1 of the Dungeon.
You were completely stuffed.
You had grown temporary horns.
You visited 1 branch of the dungeon, and saw 1 of its levels.

You collected 12 gold pieces.

Inventory:

Missiles
 a - 42 arrows
Scrolls
 d - a scroll of fear {unknown}
 e - a scroll of teleportation {unknown}
Potions
 g - 2 potions of curing {unknown}
 h - a potion of berserk rage {unknown}
Books
 b - a book of Changes

   Spells                             Type                      Level
   a - Beastly Appendage              Transmutation                1
   b - Sticks to Snakes               Transmutation                2
   c - Spider Form                    Transmutation/Poison         3
   d - Ice Form                       Ice/Transmutation            4
   e - Blade Hands                    Transmutation                5
Comestibles
 c - a meat ration
 f - 3 chunks of flesh


   Skills:
 - Level 1.0 Fighting
 - Level 2.6 Dodging
 + Level 3.4 Unarmed Combat
 - Level 2.0 Spellcasting
 + Level 2.9 Transmutations


You had 2 spell levels left.
You knew the following spells:

 Your Spells              Type           Power        Failure   Level  Hunger
a - Beastly Appendage     Tmut           #.....       7%          1    ##.....
b - Sticks to Snakes      Tmut           #.......     11%         2    ###....


Dungeon Overview and Level Annotations

Branches:
Dungeon (1/15)

Altars:


Innate Abilities, Weirdness & Mutations

You cannot wear armour.
You are incapable of wielding weapons or throwing items.
Your paws allow you to move quietly. (Stealth)
You have sharp claws.
You have razor-sharp teeth.
You have supernaturally acute eyesight. (SInv)
You are carnivorous and can eat meat at any time.
You cover ground quickly.
You are covered in fur. (AC +1)
You have a slow metabolism.
Your sharp claws are effective at attacking unaware monsters.
You have a pair of horns on your head.


Message History

The gnoll barely misses you.
You scratch the gnoll.
The gnoll is lightly wounded.
The gnoll completely misses you.
You claw the gnoll! You bite the gnoll, but do no damage.
The gnoll is severely wounded.
The gnoll hits you but does no damage.
You barely miss the gnoll.
The gnoll is severely wounded.
The gnoll closely misses you.
Casting: Beastly Appendage
Confirm with . or Enter, or press ? or * to list all spells.
You grow a pair of large bovine horns.
The gnoll hits you with a whip. The gnoll hits you with a whip.
* * * LOW HITPOINT WARNING * * *
You closely miss the gnoll.
The gnoll is severely wounded.
The gnoll hits you with a whip!
Ouch! That really hurt!
You die...

#.#.################
####.......[...........
#....##.###############
#....##.......
######....##....... .#
..........+........ ..
.....#.)..##....... .#
.#####...r##.......
#.........Kg@.......
#####.....####......
#.....# ..... #.....#
.... #....g# ...
#...K.# .. #....r# # ##
##.##.....### ##.
............+ #.)


You could see a gnoll, a kobold and a rat.

Vanquished Creatures
  A worm (D:1)
  A giant cockroach (D:1)
  A goblin (D:1)
  A hobgoblin (D:1)
  A kobold (D:1)
  A ball python (D:1)
  4 bats (D:1)
  A frilled lizard (D:1)
  3 rats (D:1)
14 creatures vanquished.

Notes
Turn   | Place    | Note
-------+----------+-------------------------------------------
     0 | D:1      | Glalom the Felid Transmuter began the quest for the Orb.
     0 | D:1      | Reached XP level 1. HP: 9/9 MP: 4/4
   254 | D:1      | Reached XP level 2. HP: 12/12 MP: 4/6
   547 | D:1      | Learned a level 2 spell: Sticks to Snakes
   599 | D:1      | Mangled by a gnoll

Action                   || total
-------------------------++-------
Melee: Unarmed           ||    35
       Headbutt          ||     3
       Bite              ||     3
 Cast: Beastly Appendage ||     7
 Stab: Sleeping          ||     3
  Eat: Chunk             ||     7
Armor: Skin              ||     9
Dodge: Dodged            ||    43
